[Event "Superbet Blitz Poland 2022"]
[Site "Warsaw"]
[Date "2022.05.22"]
[Round "2.3"]
[White "Duda, Jan-Krzysztof"]
[Black "So, Wesley"]
[Result "0-1"]
[ECO "C65"]
[WhiteElo "2750"]
[BlackElo "2766"]
[Annotator "TA"]
[PlyCount "85"]
[EventDate "2022.05.22"]
[EventType "tourn"]
[EventCountry "POL"]
[SourceTitle "playchess.com"]
[Source "ChessBase"]
[SourceQuality "1"]
[TimeControl "300+2"]

1. e4 e5 2. Nf3 Nc6 3. Bb5 Nf6 4. d3 Bc5 5. Bxc6 dxc6 6. Nbd2 {[%emt 0:00:01] C65: Ruy Lopez: Berlin Defence (3...Nf6), unusual lines and 4 0-0 Bc5.} O-O 7. Nc4 Re8 (7... Ng4 {keeps more tension.} 8. O-O f5 9. Qe2 fxe4 10. dxe4 Be6) 8. Be3 {[%emt 0:00:09] [#] White is slightly better.} Bb4+ $146 ({Predecessor:} 8... Bxe3 9. Nxe3 a5 10. a4 Ng4 11. Nc4 Be6 12. Ncd2 f6 13. b3 Nh6 14. Nf1 b6 {½-½ (32) Panitevsky,I (2535)-Ostriker,J (2560) ICCF email 2019}) 9. Bd2 Bxd2+ 10. Qxd2 Nd7 11. g4 Nf8 12. g5 {[%emt 0:00:16] Prevents Qf6.} (12. Nfxe5 f6 13. Nf3 Bxg4 $11) ({Better is} 12. Ne3 $14) 12... Ng6 $11 13. h4 {[%emt 0:00:03] And now h5 would win.} Bg4 14. Qe3 Bh5 15. O-O-O a5 16. Rdf1 a4 17. Ng1 b5 18. Nd2 Nf4 19. f3 b4 {[%emt 0:00:16] 0x0.001df5115825dp-1022s more active pieces.} (19... a3 $15 20. b3 Qd6) 20. Nh3 b3 21. axb3 Ne6 22. b4 (22. f4 $1 $11 {keeps the balance.}) 22... a3 $36 {[%emt 0:00:08][%mdl 2048] Keeping White busy.} 23. bxa3 Rxa3 24. Kb2 (24. Nc4 $2 Ra2 25. Na5 Nd4 $19) 24... Ra4 25. c3 {[%emt 0:00:05] Now White is beyond hope.} (25. Ra1 $17 {was forced.} Rxb4+ 26. Kc1) 25... c5 $1 $19 26. Ra1 {[%emt 0:00:13] [#]} Rxa1 27. Rxa1 cxb4 28. cxb4 Qd6 (28... Qb8 $142 29. Kc3 c5) 29. Ra4 (29. Kc3 $142) 29... Nd4 ({Weaker is} 29... Qc6 30. Qa7 $17) 30. Nc4 Qd7 31. Ra5 (31. Nxe5 Qxa4 32. Qxd4) 31... Qxh3 32. Nxe5 Qh2+ 33. Kc3 Ne2+ (33... Rd8 $2 34. Qxd4 Rf8 35. Nc6 $18) ({But not} 33... c5 $2 34. Rxc5 Ne6 35. Ra5 $19) 34. Kc4 $2 (34. Kb3) 34... Nf4 {[%emt 0:00:09] White must now prevent ...Qc2+.} 35. d4 Qc2+ 36. Qc3 Qe2+ 37. Kc5 {[%emt 0:00:08] [#]} (37. Kb3 $142) 37... Qf2 $2 (37... Bxf3 $1 {[%mdl 512] ( -> ...Ne6+)} 38. Nxf3 Nd3+ 39. Kc6 Qxf3) 38. Kc6 Qxh4 39. Nd7 $2 (39. Kb7) 39... Qh3 {[%emt 0:00:09] ...Rd8 is the strong threat. Black is clearly winning.} 40. d5 Bxf3 41. Kxc7 (41. Qe5 $142 Rd8 42. Qxc7) 41... Qh2 42. Kb6 (42. Kb7 $142 Bxe4 43. Qc6 Nxd5 44. Rxd5) 42... Bxe4 43. Qc6 {[%emt 0:00:05] Weighted Error Value: White=0.84/Black=0.44} 0-1

[Event "Superbet Blitz Poland 2022"]
[Site "Warsaw"]
[Date "2022.05.22"]
[Round "2.4"]
[White "Korobov, Anton"]
[Black "Anand, Viswanathan"]
[Result "1/2-1/2"]
[ECO "A33"]
[WhiteElo "2671"]
[BlackElo "2751"]
[Annotator "TA"]
[PlyCount "52"]
[EventDate "2022.05.22"]
[EventType "tourn"]
[EventCountry "POL"]
[SourceTitle "playchess.com"]
[Source "ChessBase"]
[SourceQuality "1"]
[TimeControl "300+2"]

1. c4 c5 2. Nf3 Nf6 3. Nc3 Nc6 4. d4 cxd4 5. Nxd4 e6 6. a3 d5 {[%emt 0:00:05] The position is equal.} 7. cxd5 {[%emt 0:00:13] A33: Symmetrical English: 2 Nf3 Nf6 3 d4 cxd4 4 Nxd4 e6 5 Nc3 Nc6.} exd5 8. g3 Bc5 9. Be3 {[%emt 0:00:07] [#] Hoping for Nxc6.} Bb6 (9... Qb6 $2 10. Na4 Qa5+ 11. b4 Nxb4 12. axb4 Bxb4+ 13. Bd2 $18) 10. Bg2 O-O 11. O-O Re8 {[%emt 0:00:02] [#]} 12. Na4 $146 (12. Qd2 {with more complications.} Bg4 13. Rfd1 Bxd4 14. Bxd4 Nxd4 15. Qxd4 Bxe2 16. Rd2) ({Predecessor:} 12. h3 Be6 13. Na4 Bxd4 14. Bxd4 Ne4 15. Nc3 Qd7 16. Kh2 Bf5 17. e3 Rac8 18. Rc1 {½-½ (43) Malakhov,V (2702)-Alekseev,E (2653) St Petersburg 2015}) 12... Bxd4 13. Bxd4 Nxd4 14. Qxd4 Rxe2 15. Nc3 Rxb2 16. Nxd5 {[%emt 0:00:29] [#]} Rb6 17. Rad1 (17. Qh4 Rd6) 17... Nxd5 18. Bxd5 Qf8 19. Rfe1 $40 {[%emt 0:00:04][%mdl 128] Black needs to defend precisely.} Be6 20. Bxe6 Rxe6 21. Rxe6 fxe6 $11 {[%emt 0:00:01] KQR-KQR} 22. Qd7 Re8 23. Qxb7 Qxa3 24. Rd7 Qa1+ 25. Kg2 Qf6 26. Qxa7 Rf8 {[%emt 0:00:03] A balanced but interesting game.  Weighted Error Value: White=0.02 (flawless) /Black=0.02 (flawless)} 1/2-1/2

[Event "Superbet Blitz Poland 2022"]
[Site "Warsaw"]
[Date "2022.05.22"]
[Round "2.5"]
[White "Gavrilescu, David"]
[Black "Shevchenko, Kirill"]
[Result "1/2-1/2"]
[ECO "B31"]
[WhiteElo "2518"]
[BlackElo "2644"]
[Annotator "TA"]
[PlyCount "128"]
[EventDate "2022.05.22"]
[EventType "tourn"]
[EventCountry "POL"]
[SourceTitle "playchess.com"]
[Source "ChessBase"]
[SourceQuality "1"]
[TimeControl "300+2"]

1. e4 c5 2. Nf3 Nc6 3. Bb5 g6 4. Bxc6 dxc6 5. d3 Bg7 6. h3 e5 7. a4 {[%emt 0:00:12] B31: Sicilian: 2...Nc6 3 Bb5 g6.} a5 8. Be3 b6 9. Qd2 {[%emt 0:00:36] White has an edge.} h6 10. Na3 {[%emt 0:00:02] [#]} Qc7 $146 ({Predecessor:} 10... Be6 11. Qc3 Qc7 12. Bf4 f6 13. Bg3 Ne7 14. Nc4 Nc8 15. Nfd2 Nd6 16. Ne3 h5 {1-0 (40) Kozlitin,R (2342)-Yeritsyan,H (2076) Poti 2016}) 11. Nc4 Be6 12. Qc3 Bxc4 (12... Ne7 $11) 13. Qxc4 $14 Nf6 14. O-O O-O 15. c3 Rfd8 16. Rfd1 Nh5 17. d4 exd4 18. cxd4 cxd4 19. Nxd4 Rac8 {[%emt 0:00:05] [#]} (19... c5 $11) 20. Rac1 (20. Nxc6 $1 $14 Rxd1+ 21. Rxd1) 20... Nf4 (20... Bxd4 $11 {remains equal.} 21. Rxd4 Rxd4 22. Qxd4 (22. Bxd4 c5 $11) 22... c5) 21. Nxc6 $16 Rxd1+ 22. Rxd1 {[%emt 0:00:01] Strongly threatening Bxf4.} Ne6 {[%emt 0:00:08] [#]} (22... Nxh3+ $2 23. gxh3 Kh7 24. Rc1 Bxb2 25. Rc2 $18) (22... Kh7 $14) 23. Ne7+ $1 Kh7 24. Qxc7 {[%emt 0:00:01] White is much more active.} Rxc7 25. Nd5 $36 {[%emt 0:00:02][%mdl 2048] White is in control.} Rc2 26. Rd2 Rc1+ 27. Kh2 Rc4 28. b3 (28. Bxb6 $6 Rxa4 29. b3 (29. f3 Ra2 $14) 29... Ra3 $16) 28... Rxe4 29. Bxb6 Be5+ (29... Nd4 $16) 30. g3 $18 Nd4 31. Rd3 {[%emt 0:00:07] Against Nf3+. aiming for Nc3.} ({Wrong is} 31. Bxa5 $2 Nf3+ 32. Kg2 Nxd2 33. Bxd2 Rd4 34. Bxh6 Kxh6 $19) 31... Nc6 32. Re3 Rxe3 33. Nxe3 $16 {[%emt 0:00:01][%mdl 4096] Endgame KBN-KBN} ({Resist} 33. fxe3 Kg7 34. Kg2 f5 $16) 33... Kg7 34. Nc4 Bc3 35. Kg2 Kf6 36. Kf3 Ke6 37. Ke4 Be1 (37... h5 $142 38. g4 hxg4) 38. g4 f5+ 39. gxf5+ gxf5+ 40. Kd3 h5 (40... Bb4 {was called for.} 41. Ke3 Kf6) 41. f4 Bb4 {[%emt 0:00:02] [#]} 42. Ne3 $1 {[%emt 0:00:01] Kc4 is the strong threat.} Bd6 {[%emt 0:00:04] [#]} 43. Ng2 $1 {[%emt 0:00:05] Black must now prevent Kc4.} Nb4+ $2 (43... Kd5 44. Nh4 Ke6) 44. Kc4 $18 Nc6 45. Kb5 Kd7 46. Bxa5 Nd4+ 47. Kc4 Ne2 48. Bd2 Ng1 49. h4 Nf3 50. Bc3 Be7 51. b4 Nxh4 52. Ne3 (52. Nxh4 $142 Bxh4 53. Kd3) 52... Bd6 53. Be1 $2 ({White should try} 53. a5 $18) 53... Nf3 $1 $11 54. Bf2 ({Don't play} 54. Nxf5 Nxe1 55. a5 Bc7 $17) 54... Bxf4 $2 (54... h4 $1 $11 {and Black is okay.}) 55. Nxf5 $18 {[%emt 0:00:01] And now a5 would win.} Ne5+ 56. Kd5 $2 ({Better is} 56. Kd4 $18) 56... Nd3 $11 {[%emt 0:00:00][%csl LRb4,LRf2] The position is equal.} 57. Bc5 Nxc5 58. Kxc5 {[%emt 0:00:01] KB-KN} Bg5 59. Kb6 h4 60. Nxh4 Bxh4 61. Kb7 {[%emt 0:00:01] White wants to mate with a5.} Be1 62. b5 Ba5 63. b6 Bxb6 64. Kxb6 {[%emt 0:00:24] Threatening mate with Kb7.} Kc8 {Weighted Error Value: White=0.44/Black=0.42} 1/2-1/2

[Event "Superbet Blitz Poland 2022"]
[Site "Warsaw"]
[Date "2022.05.22"]
[Round "3.2"]
[White "Anand, Viswanathan"]
[Black "Gavrilescu, David"]
[Result "0-1"]
[ECO "C11"]
[WhiteElo "2751"]
[BlackElo "2518"]
[Annotator "TA"]
[PlyCount "52"]
[EventDate "2022.05.22"]
[EventType "tourn"]
[EventCountry "POL"]
[SourceTitle "playchess.com"]
[Source "ChessBase"]
[SourceQuality "1"]
[TimeControl "300+2"]

1. e4 e6 2. d4 d5 3. Nc3 Nf6 4. e5 Nfd7 5. f4 c5 6. Nf3 Nc6 7. Be3 cxd4 8. Nxd4 Qb6 9. Qd2 Qxb2 10. Rb1 Qa3 11. Bb5 Nxd4 {[%emt 0:00:01] C11: French: Classical System: 4 e5 and 4 Bg5 dxe4.} ({Don't play} 11... Bb4 12. Rb3 Qa5 13. O-O $14 (13. Nxc6 bxc6 14. Bxc6 Rb8 $15)) 12. Bxd4 {[%emt 0:00:01][%cal Of4f5] Threatens to win with f5!} ({But not} 12. Qxd4 a6 13. Bxd7+ Bxd7 14. Rxb7 Rc8 $17) 12... a6 13. Bxd7+ Bxd7 {[%emt 0:00:01] The position is equal.} 14. Rb3 Qe7 15. Rxb7 Qh4+ 16. g3 Qd8 17. Bb6 Qc8 18. Rc7 Qd8 {[%emt 0:00:01][%cal Of8c5] [#]} 19. Qd4 $146 {[%emt 0:00:40][%cal Of4f5] Against Bc5} ({Predecessor:} 19. Qe3 Bb4 20. a3 Bxa3 21. f5 Rc8 22. Ra7 Qe7 23. O-O Bc5 24. Bxc5 Qxc5 25. Qxc5 Rxc5 {1-0 (38) Ivic,V (2571)-Bluebaum,M (2674) Reykjavik 2021}) 19... Ba3 20. O-O {[%emt 0:00:11][%cal Of4f5] Black must now prevent f5!} Rc8 21. Rxc8 (21. Ra7 {keeps more tension.} Rc4 22. Bxd8 Rxd4 23. Bb6) 21... Qxc8 22. Rb1 O-O 23. Qe3 Qc4 24. Rb3 Bb4 {[%emt 0:00:42] A strong pair of Bishops.} 25. Qd4 {[%emt 0:00:19] [#]} ({Better is} 25. Rxb4 $15 Qxb4 26. Bc5) 25... Ba5 $1 $17 {[%emt 0:00:47] And now ...Bxb6 would win.} 26. Ba7 (26. Qxc4 $17 dxc4 27. Bxa5 cxb3 28. cxb3) 26... Rc8 {[%emt 0:00:07] Weighted Error Value: White=0.21 (precise) /Black=0.05 (flawless)} 0-1

[Event "Superbet Blitz Poland 2022"]
[Site "Warsaw"]
[Date "2022.05.22"]
[Round "3.3"]
[White "So, Wesley"]
[Black "Korobov, Anton"]
[Result "1-0"]
[ECO "E99"]
[WhiteElo "2766"]
[BlackElo "2671"]
[Annotator "TA"]
[PlyCount "66"]
[EventDate "2022.05.22"]
[EventType "tourn"]
[EventCountry "POL"]
[SourceTitle "playchess.com"]
[Source "ChessBase"]
[SourceQuality "1"]
[TimeControl "300+2"]

1. c4 Nf6 2. Nc3 g6 3. e4 d6 4. d4 Bg7 5. Nf3 O-O 6. Be2 e5 7. O-O Nc6 8. d5 Ne7 9. Ne1 Nd7 10. f3 f5 11. Be3 f4 12. Bf2 h5 13. Rc1 g5 {[%emt 0:00:08] E99: King's Indian: Classical Main Line: 9 Ne1 Nd7 10 f3 f5.} 14. c5 (14. Nd3 $16) 14... Nxc5 $11 15. b4 Na6 16. Nb5 {[%emt 0:00:02][%mdl 1024] White has compensation.} Ng6 17. a4 $5 {[%emt 0:00:27][%mdl 4] A promising side line.} Bd7 18. Nd3 {[%emt 0:00:02] [#]} Rf6 $146 (18... b6 $11) ({Predecessor:} 18... Rf7 19. Rc4 Bf8 20. Kh1 Rg7 21. Rg1 Nh8 22. g3 fxg3 23. Rxg3 Nf7 24. Qc1 g4 25. fxg4 hxg4 26. Nxc7 Nxc7 27. Rxc7 {1-0 (50) So,W (2812)-Grischuk,A (2761) Paris 2017}) 19. Rc3 {[%emt 0:00:27] White is more active.} (19. Nxa7 $14 Rf7 20. Nb5) 19... c6 (19... Nh4 $11 {remains equal.}) 20. dxc6 $16 bxc6 21. Nxa7 d5 (21... c5 $1 $14) 22. b5 (22. Qb3 $1 $18) 22... cxb5 23. exd5 (23. axb5 $16 d4 24. Nc6 Bxc6 25. Rxc6 Rxc6 26. Qb3+ (26. bxc6 Kh7 $16) 26... Kh7 27. bxc6) 23... bxa4 $14 24. Nc6 Bxc6 25. Rxc6 (25. dxc6 $5 Nc7 26. Nc5 Rxc6 27. Qxd8+ Rxd8 28. Nxa4 $11) 25... a3 26. Qb3 {[%emt 0:00:11] Black must now prevent d6+.} Nb8 (26... Kh7 $14) 27. d6+ (27. Rxf6 $1 $16 Bxf6 28. Nc5) 27... Kh7 $11 28. Rc7 Rxd6 29. Qb7 (29. Qf7 $2 Nd7 30. Rc2 e4 $19) 29... Nd7 {[%emt 0:00:03] And now ...a2 would win.} 30. Nc5 (30. Bc5 $15 Rb8 31. Qa7) 30... a2 31. Nxd7 ({Avoid the trap} 31. Rxd7 $2 Rxd7 32. Qxd7 Qxd7 33. Nxd7 a1=Q $19) (31. Ra1 $2 Rb8 32. Ne4 (32. Rxd7 $2 Rxd7 33. Qe4 Rd2 $19) 32... Rxb7 $19) (31. Ne4 $1 $11 {was the only way to keep the balance.} Rb8 32. Qa7) 31... a1=Q $17 {[%emt 0:00:02][%cal Oe5e4] ...e4! is the strong threat.} 32. Nb6 $2 {[%emt 0:00:00][%mdl 8192] [#]} (32. Nc5 $17 {nothing else works.} e4 33. Nxe4) 32... Qxc7 $2 33. Qxc7 $11 {[%emt 0:00:01] The board is on fire.} Qa3 $2 {[%emt 0:00:07][%mdl 8192] Weighted Error Value: White=0.64/Black=0.67} ({But not} 33... Rxb6 34. Qxb6 Qa5 35. Qe6 $11) (33... Rd2 $11 {and Black has nothing to worry.} 34. Nxa8 (34. Rxa1 Rxa1+ 35. Bf1 Rdd1 $17) 34... Qxa8) 1-0

[Event "Superbet Blitz Poland 2022"]
[Site "Warsaw"]
[Date "2022.05.22"]
[Round "3.4"]
[White "Caruana, Fabiano"]
[Black "Duda, Jan-Krzysztof"]
[Result "1/2-1/2"]
[ECO "C67"]
[WhiteElo "2786"]
[BlackElo "2750"]
[Annotator "TA"]
[PlyCount "124"]
[EventDate "2022.05.22"]
[EventType "tourn"]
[EventCountry "POL"]
[SourceTitle "playchess.com"]
[Source "ChessBase"]
[SourceQuality "1"]
[TimeControl "300+2"]

1. e4 e5 2. Nf3 Nc6 3. Bb5 Nf6 4. O-O Nxe4 5. d4 Nd6 6. Bxc6 dxc6 7. dxe5 Nf5 8. Qxd8+ Kxd8 9. h3 Ke8 10. Nc3 a5 11. Bf4 Bb4 {[%emt 0:00:03] C67: Ruy Lopez: Berlin Defence: 4 0-0 Nxe4.} 12. Ne4 Be6 13. c3 Be7 {[%emt 0:00:06] [#]} 14. g4 $146 ({Predecessor:} 14. Rfd1 Bd5 15. Re1 b6 16. g4 Nh4 17. Nf6+ gxf6 18. Nxh4 Kd7 19. Nf5 fxe5 20. c4 Bxc4 21. Nxe7 exf4 {1-0 (30) Borst,J (2005)-Saint Amour,P (1998) IECG email 2001}) 14... Nh4 15. Nxh4 Bxh4 16. Bg5 Bd5 ({Black should try} 16... Bxg5 $11 17. Nxg5 Bd5) 17. Bxh4 {[%emt 0:00:04] [#] Hoping for Ng3.} (17. Nf6+ $5 gxf6 18. Bxh4 $11) 17... Bxe4 18. Kh2 h5 19. Kg3 Bd5 20. f4 (20. a4 $5 ) 20... a4 21. f5 hxg4 22. hxg4 Kd7 23. Rad1 b5 24. Rfe1 Rae8 {[%emt 0:00:10] Prevents e6+.} 25. b3 axb3 26. axb3 Kc8 27. c4 bxc4 28. bxc4 Bxc4 29. Bg5 Bd5 30. Rd2 Rh7 31. Rh2 Rxh2 32. Kxh2 $11 {[%emt 0:00:01][%mdl 4096] Endgame KRB-KRB} c5 33. Kg3 c4 34. Bd2 Kd7 35. Bc3 Rb8 36. Kf4 Rb3 37. Rc1 Kc6 38. g5 $1 Ra3 39. e6 fxe6 40. f6 gxf6 41. gxf6 Ra2 42. Rf1 {[%emt 0:00:19] Prevents Rf2+.} e5+ 43. Bxe5 Re2 44. Ba1 Kc5 45. Kg5 Rg2+ 46. Kh6 Bf7 47. Re1 c6 48. Re7 Bd5 49. Be5 {[%emt 0:00:04] Inhibits Rg3.} Rf2 {[%emt 0:00:04] White must now prevent ...Rf3.} 50. Kg7 Rf3 {[%emt 0:00:02] Threatens to win with ...c3.} 51. Ra7 $2 {[%emt 0:00:04] [#]} (51. f7 $11 {and White has nothing to worry.} Rxf7+ 52. Rxf7 Bxf7 53. Kxf7) 51... Kb4 $2 (51... c3 $19 {...c2 is the strong threat.} 52. f7 c2) 52. Rb7+ {[%emt 0:00:02] The position is equal.} Ka4 53. Ra7+ Kb3 {[%emt 0:00:02] And now ...c3 would win.} 54. Rb7+ Kc2 55. f7 Bxf7 56. Rxf7 Rxf7+ 57. Kxf7 {[%emt 0:00:01] KB-KPP} c3 58. Ke6 Kd3 59. Kd6 c2 60. Bb2 Kd2 61. Kxc6 c1=Q+ 62. Bxc1+ Kxc1 {[%emt 0:00:01] Weighted Error Value: White=0.09 (flawless) /Black=0.10 (very precise)} 1/2-1/2

[Event "Superbet Blitz Poland 2022"]
[Site "Warsaw"]
[Date "2022.05.22"]
[Round "3.5"]
[White "Rapport, Richard"]
[Black "Wojtaszek, Radoslaw"]
[Result "0-1"]
[ECO "B20"]
[WhiteElo "2776"]
[BlackElo "2696"]
[Annotator "TA"]
[PlyCount "147"]
[EventDate "2022.05.22"]
[EventType "tourn"]
[EventCountry "POL"]
[SourceTitle "playchess.com"]
[Source "ChessBase"]
[SourceQuality "1"]
[TimeControl "300+2"]

1. e4 c5 2. Nc3 d6 3. Bc4 e6 4. a3 Nf6 5. Ba2 Nc6 (5... b5 $5) 6. d3 {[%emt 0:00:03] B20: Sicilian: Unusual White 2nd moves.} Be7 7. f4 {[%emt 0:00:13] [#]} d5 $146 ({Predecessor:} 7... Nd4 8. Nce2 Nxe2 9. Qxe2 Bd7 10. Nf3 h6 11. Bd2 Bc6 12. Rg1 b5 13. g4 c4 {1-0 (23) Mihelj,E (1808)-Muradore,A (1543) Nova Gorica 2014}) 8. e5 Nd7 9. Nf3 b6 10. O-O Bb7 11. Ne2 (11. f5 {seems wilder.} O-O 12. Qe1 Rc8 13. Qg3) 11... O-O 12. c3 f5 13. d4 b5 {[%emt 0:00:53] Inhibits c4.} 14. Kh1 a5 15. Rg1 b4 16. g4 Nb6 (16... bxa3 $14 17. bxa3 fxg4 18. Rxg4 Qe8) 17. Bb1 (17. gxf5 $16 exf5 18. Rg2) 17... bxc3 $14 18. bxc3 Nc4 19. gxf5 exf5 20. Qf1 (20. Rg2 $16) 20... Bc8 21. Qh3 Kh8 {[%emt 0:00:18] Active counter play!} 22. Ng3 (22. Ng5 $14 Bxg5 23. fxg5 (23. Rxg5 cxd4 24. Rh5 h6 $11)) 22... g6 $11 23. Ra2 Rb8 24. Bd3 cxd4 (24... Rb3 $11 25. Ne2 Rg8) 25. cxd4 $2 (25. Rag2 $1 $16 {[%cal Og3f5] is necessary to keep the advantage. Strongly threatening Nxf5!} Rb6 26. Ne2) 25... Rb3 $19 26. Qf1 Ba6 ({Stronger than} 26... Nxa3 27. Bxa3 Bxa3 28. Bb5 $17) (26... Qb6 $1 $19 27. Bc2 Rxf3 $1 28. Qxf3 Nxd4) 27. Qd1 (27. h4 $17 {was called for.}) 27... Qb6 28. Be2 Rb1 29. Bd3 Rb3 30. Be2 $1 Rb1 31. Bd3 Ne3 $1 32. Qe2 Bxd3 33. Qxd3 Nc4 (33... Rb3 $19 34. Qd2 Rb8) 34. Ne2 (34. Rc2 $17) 34... Rb3 35. Nc3 Nd8 (35... Rc8 $19 {And now ...Na7 would win.} 36. Rag2 Nb4 $1 37. axb4 axb4) 36. Nd2 (36. Qc2 $15 Qb7 37. a4 (37. Nxd5 Nxa3 38. Bxa3 Bxa3 $17)) 36... Nxd2 $17 37. Bxd2 (37. Qxd2 $17 {might work better.} Qb7 38. Rc2) 37... Ne6 $19 38. Qh3 $2 (38. Qf3 {was worth a try.} Rd8 39. Qd1) 38... Rg8 $2 (38... Qxd4 $19 39. Rc2 Bxa3) 39. Nxd5 $15 {[%emt 0:00:08] [#]} Rxh3 ({Black should play} 39... Qb5 $1 $15 40. Qg2 Bh4) 40. Nxb6 $11 Nxd4 41. Nd5 Bc5 $40 {[%emt 0:00:02][%mdl 128] Hoping for ...Rd8. White needs to defend precisely.} (41... Nf3 {with more complications.} 42. Rg2 Rb8 43. Re2 Nxd2 44. Rexd2 Bxa3 45. Nf6 Bc1) 42. Rg3 Rxg3 43. hxg3 Rd8 44. Nf6 a4 45. Bb4 Bxb4 46. axb4 {[%emt 0:00:01][%mdl 4096] Endgame KRN-KRN} Ra8 47. Kg2 a3 48. Kf2 $1 Nb5 {[%emt 0:00:02] White must now prevent ...Kg7.} 49. e6 $2 (49. Ke3 $11 {and White has nothing to worry.}) 49... Kg7 $19 50. Nd5 Rd8 $2 (50... Ra6 $19 51. e7 Kf7) 51. e7 $11 Re8 52. Ke3 Kf7 53. Kd3 {[%emt 0:00:02] aiming for Kc4.} Rc8 54. Re2 Ra8 55. Kc4 Nd6+ 56. Kc5 $2 (56. Kb3 $11) 56... Ne4+ $19 57. Kc6 a2 58. Rxa2 Rxa2 59. b5 Rc2+ 60. Kd7 Nc5+ 61. Kd8 Ne6+ 62. Kd7 Ng7 {[%emt 0:00:04] Against e8Q+} 63. b6 Rb2 64. Kc8 Ke6 65. Nc7+ Kxe7 66. b7 Ne6 {[%emt 0:00:02] ( -> ...Nxc7)} 67. Nd5+ Kd6 68. Ne3 {[%emt 0:00:02] Against Rc2+} Nd4 $4 (68... Rb5 $19 69. b8=Q+ Rxb8+ 70. Kxb8 Nc5 71. Nc4+ Ke6) 69. Nc4+ Kc5 70. Nxb2 Nc6 71. Nd3+ Kb6 {[%emt 0:00:02] [#]} 72. b8=Q+ $2 (72. Nb4 $1 $18 {[%mdl 512] Intending Nxc6 and mate.} Na7+ 73. Kb8) 72... Nxb8 $11 73. Kxb8 {[%emt 0:00:01] White wants to mate with Ne5.} Kc6 74. Kc8 {[%emt 0:00:06][%mdl 32768] What a fight!  Weighted Error Value: White=0.56/Black=0.45. Sensor Board Error (Ke4/e5)?} 0-1

[Event "Superbet Blitz Poland 2022"]
[Site "Warsaw"]
[Date "2022.05.22"]
[Round "4.1"]
[White "Aronian, Levon"]
[Black "Wojtaszek, Radoslaw"]
[Result "1-0"]
[ECO "B50"]
[WhiteElo "2765"]
[BlackElo "2696"]
[Annotator "TA"]
[PlyCount "90"]
[EventDate "2022.05.22"]
[EventType "tourn"]
[EventCountry "POL"]
[SourceTitle "playchess.com"]
[Source "ChessBase"]
[SourceQuality "1"]
[TimeControl "300+2"]

1. e4 c5 2. Nf3 d6 3. c3 Nf6 4. Be2 g6 5. O-O Bg7 6. d3 O-O 7. Be3 {[%emt 0:00:01] B50: Sicilian: 2...d6, Miscellaneous.} Nc6 8. Nbd2 e5 {[%emt 0:00:06] is now more promising than 8...Ng4.} 9. a3 {[%emt 0:00:07] The position is equal.} h6 10. h3 b6 {[%emt 0:00:02] [#]} 11. b4 $146 ({Predecessor:} 11. d4 cxd4 12. cxd4 Nxd4 13. Nxd4 exd4 14. Bxd4 Bb7 15. Rc1 Nxe4 16. Nxe4 Bxe4 17. Bxg7 Bxg2 18. Qd4 {1-0 (18) Keiper,A (1684)-Dunning,S (1569) IECC email 2018}) 11... Re8 12. b5 Na5 13. c4 {[%emt 0:00:06] Inhibits d5.} Nh5 14. Re1 Nf4 15. Bf1 Bd7 16. Nb1 Ne6 17. Nc3 Nd4 18. Nd2 Nb7 19. Nd5 Kh7 20. a4 Be6 21. Ra2 f5 22. exf5 gxf5 23. g3 Bxd5 24. cxd5 Na5 25. Bg2 Qf6 26. g4 Kh8 27. Bxd4 exd4 28. Nf3 c4 29. dxc4 {[%emt 0:01:26] And now Rae2 would win.} Nxc4 (29... fxg4 $11 30. hxg4 Rxe1+ 31. Qxe1 Nxc4) 30. Rae2 (30. Rxe8+ $14 Rxe8 31. g5) 30... Rxe2 $11 31. Rxe2 {[%emt 0:00:01][%cal Be1e2,Be2e6,Be6h6][%mdl 32] [#] Threatens to win with Re6.} fxg4 32. Re6 Qf7 33. hxg4 Rf8 {[%emt 0:00:08] Hoping for ...Ne5.} 34. Qe2 ({White should try} 34. Qc2 $1 $14 Ne5 35. Nxe5 (35. Nxd4 Qf4 $11) 35... dxe5 36. Be4) 34... Ne5 35. Nxe5 Bxe5 ({Not} 35... dxe5 36. Be4 $16) 36. Rxh6+ Kg7 37. Rh3 ({Worse is} 37. g5 d3 38. Qe3 Qf4 39. Qxf4 Rxf4 $17) 37... Qf4 38. Be4 Rh8 39. Rxh8 {The board is on fire.} Kxh8 $16 {[%emt 0:00:01][%mdl 4096] Endgame KQB-KQB} 40. Kf1 Kg7 41. Bf5 {[%emt 0:00:09] Strongly threatening Qc2.} Kf6 42. Qc2 Qf3 43. Qc8 (43. Qd2 $14 Qh1+ 44. Ke2) 43... Qh3+ (43... Kg5 $11) 44. Ke2 $14 {[%emt 0:00:02][%cal Og4g5] White threatens g5+! and mate. White is more active.} d3+ $2 {[%emt 0:00:00][%mdl 8192] [#]} (44... Kg5 $14) 45. Bxd3 Qh6 {[%emt 0:00:07] Weighted Error Value: White=0.10 (very precise) /Black=0.27 (precise)} 1-0